 Dungeon Crawl Stone Soup version 0.30.1-11-g7821555f0a (webtiles) character file.

Game seed: 14541552689964031182

77 Gumption the Sneak (level 4, -4/21 HPs)
             Began as a Spriggan Enchanter on Nov 13, 2023.
             Slain by a water moccasin (6 damage)
             ... on level 3 of the Dungeon.
             The game lasted 00:32:58 (3685 turns).

Gumption the Sneak (Spriggan Enchanter)             Turns: 3685, Time: 00:32:59

Health: -4/21      AC:  2    Str:  4    XL:     4   Next: 13%
Magic:  1/11       EV: 17    Int: 18    God:
Gold:   183        SH:  0    Dex: 15    Spells: 3/11 levels left

rFire   . . .        a - +1 dagger
rCold   . . .        (no shield)
rNeg    . . .        b - +0 robe
rPois   .            (helmet restricted)
rElec   .            (no cloak)
rCorr   .            (gloves unavailable)
SInv    +            (boots unavailable)
Will    .....        (no amulet)
Stlth   +++          (no ring)
HPRegen 0.23/turn    (no ring)
MPRegen 0.12/turn

%: no passive effects
@: lethally poisoned (-4 -> -7), very slightly contaminated, very quick
A: very small, no large weapons, unfitting armour, see invisible, speed 3
a: no special abilities


You were on level 3 of the Dungeon.
You visited 1 branch of the dungeon, and saw 3 of its levels.

You collected 183 gold pieces.

Inventory:

Hand Weapons
 a - a +1 dagger (weapon)
Missiles
 o - 4 poisoned darts (quivered)
Armour
 b - a +0 robe (worn)
Wands
 h - a wand of light (4)
 n - a wand of mindburst (12)
Scrolls
 e - a scroll of teleportation {unknown}
 i - 4 scrolls of identify {unknown}
 k - a scroll of immolation {unknown}
 l - a scroll of poison {unknown}
Potions
 c - 2 potions of invisibility
 d - 2 potions of degeneration {unknown}
 f - 2 potions of haste {unknown}
 g - a potion of might {unknown}
 j - 2 potions of flight {unknown}
 m - a potion of lignification {unknown}


   Skills:
 - Level 1.1 Short Blades
 - Level 2.6 Dodging
 + Level 5.1 Stealth
 * Level 4.0 Spellcasting
 * Level 4.6 Hexes
 + Level 0.4 Ice Magic


You had 3 spell levels left.
You knew the following spells:

 Your Spells              Type           Power      Damage    Failure   Level
a - Ensorcelled Hibernat  Hex/Ice        24%        N/A       8%          2
b - Confusing Touch       Hex            20%        N/A       6%          3
c - Tukima's Dance        Hex            20%        N/A       6%          3

Your spell library contained the following spells:

 Spells                   Type           Power      Damage    Failure   Level
 Apportation              Tloc           6%         N/A       14%         1
 Necrotise                Necr           12%        1d4       14%         1
 Sandblast                Erth           6%         2d5       14%         1
 Summon Small Mammal      Summ           12%        N/A       14%         1
 Dazzling Flash           Conj/Hex       24%        N/A       17%         3
 Passwall                 Tmut/Erth      2%         N/A       22%         2
 Stone Arrow              Conj/Erth      6%         3d7       41%         3
 Alistair's Intoxication  Tmut/Pois      2%         N/A       99%         5


Dungeon Overview and Level Annotations

Branches:
Dungeon (3/15)

Altars:

Shops:
D:2 (


Innate Abilities, Weirdness & Mutations

You are very small and have problems with some larger weapons.
You are too small for most types of armour.
You have supernaturally acute eyesight. (SInv)
You cover ground extremely quickly. (Speed+++)


Message History

Confirm with . or Enter, or press ? or * to list all spells.
Aiming: Ensorcelled Hibernation (safe; 8% risk of failure)
Press: ? - help, Shift-Dir - straight line, f/p - water moccasin
Aim: a water moccasin (moderately wounded, chance to affect: 46%)
You miscast Ensorcelled Hibernation.
You are very lightly contaminated with residual magic.
Nothing appears to happen.
You feel very sick. The water moccasin closely misses you.
Casting: Ensorcelled Hibernation (safe; 8% risk of failure)
Confirm with . or Enter, or press ? or * to list all spells.
Aiming: Ensorcelled Hibernation (safe; 8% risk of failure)
Press: ? - help, Shift-Dir - straight line, f/p - water moccasin
Aim: a water moccasin (moderately wounded, chance to affect: 46%)
You miscast Ensorcelled Hibernation.
Nothing appears to happen.
You feel very sick. The water moccasin closely misses you.
Casting: Ensorcelled Hibernation (safe; 8% risk of failure)
Confirm with . or Enter, or press ? or * to list all spells.
Aiming: Ensorcelled Hibernation (safe; 8% risk of failure)
Press: ? - help, Shift-Dir - straight line, f/p - water moccasin
Aim: a water moccasin (moderately wounded, chance to affect: 46%)
The water moccasin resists with some effort.
You feel sick.
The water moccasin completely misses you.
The water moccasin closely misses you.
Casting: Ensorcelled Hibernation (safe; 8% risk of failure)
Confirm with . or Enter, or press ? or * to list all spells.
Aiming: Ensorcelled Hibernation (safe; 8% risk of failure)
Press: ? - help, Shift-Dir - straight line, f/p - water moccasin
Aim: a water moccasin (lightly wounded, chance to affect: 46%)
You miscast Ensorcelled Hibernation.
Nothing appears to happen.
You feel sick. The water moccasin misses you.
Casting: Ensorcelled Hibernation (safe; 8% risk of failure)
Confirm with . or Enter, or press ? or * to list all spells.
You don't have enough magic to cast this spell.
You feel sick. The water moccasin bites you!
* * * LOW HITPOINT WARNING * * *
The water moccasin bites you.
You die...

############ #..........#
#..........#
######..........# #####
................####...##
.........(.....S@##.....##
.#####...........#.......#
.# #...........#.......#
######.........<.#.......#
...#....#######.###..>..##
........................##
...#.########...##.......#
...#.# #.####.......#
.....# ####.# #.......#


You could see a water moccasin.

Vanquished Creatures
  An orc wizard (D:2)
  2 worms
  2 orcs (D:3)
  2 ball pythons (D:3)
  3 endoplasms
  3 giant cockroaches
  3 goblins (D:1)
  10 hobgoblins
  2 quokkas
  4 bats
  2 frilled lizards (D:1)
  4 kobolds
  3 rats
41 creatures vanquished.

Notes
Turn   | Place    | Note
-------+----------+-------------------------------------------
     0 | D:1      | Gumption the Spriggan Enchanter began the quest for the
                  | Orb.
     0 | D:1      | Reached XP level 1. HP: 9/9 MP: 5/5
   258 | D:1      | Reached XP level 2. HP: 5/13 MP: 7/7
   264 | D:1      | Learned a level 2 spell: Ensorcelled Hibernation
  1762 | D:2      | Reached XP level 3. HP: 13/16 MP: 5/8
  1797 | D:2      | Found Semeex's Antique Weapon Shoppe.
  1979 | D:2      | Learned a level 3 spell: Confusing Touch
  1983 | D:2      | Learned a level 3 spell: Tukima's Dance
  2676 | D:3      | Found a faded altar of an unknown god.
  2712 | D:3      | Reached skill level 5 in Stealth
  2853 | D:3      | Noticed a water moccasin
  3256 | D:2      | Reached XP level 4. HP: 4/21 MP: 1/11
  3614 | D:3      | Noticed a gnoll sergeant
  3685 | D:3      | Slain by a water moccasin

Illustrated notes

Levels and vault maps discovered:
D:1:      ebering_hopf_link, layout_rooms, palyth_stone_intersect,
          grunt_decor_clamped, kennysheep_decorative_pillar, minmay_hexomino_c4
D:2:      layout_basic, serial_shops, nicolae_shop_tiny_waterfront
D:3:      layout_rooms, basic_ecumenical_altar

Skill      XL: |  1  2  3 |
---------------+----------+-----
Spellcasting   | 3 4 |  4.0
Hexes          | 4 |  4.6
Stealth        | 5 |  5.1
Short Blades   | |  1.1
Dodging        | |  2.6
Ice Magic      | |  0.4

Action                     |  1- 3 |  4- 6 || total
---------------------------+-------+-------++-------
  Melee: Dagger            |    80 |     3 ||    83
         Punch             |     4 |       ||     4
   Cast: Ensorcelled Hiber |    39 |     5 ||    44
         Confusing Touch   |     1 |       ||     1
   Stab: Sleeping          |    30 |     3 ||    33
 Armour: Robe              |     8 |       ||     8
  Dodge: Dodged            |    41 |    12 ||    53
